 Dungeon Crawl Stone Soup version 0.19.1-1-g22dce08 (webtiles) character file.

109 ponk the Magician (level 4, -1/30 HPs)
             Began as a Mummy Wizard on Jan 15, 2017.
             Killed from afar by an orc wizard (13 damage)
             ... with a puff of flame
             ... on level 4 of the Dungeon.
             The game lasted 00:15:02 (5610 turns).

ponk the Magician (Mummy Wizard)                    Turns: 5610, Time: 00:15:03

Health: -1/30      AC:  2    Str: 10    XL:     4   Next: 60%
Magic:  3/10       EV: 12    Int: 18    God:
Gold:   97         SH:  0    Dex: 10    Spells: 2 memorised, 8 levels left

rFire  x . .     SeeInvis .     d - +0 spear
rCold  + . .     Gourm    .     a - +0 robe
rNeg   + + +     Faith    .     (no shield)
rPois  ∞         Spirit   .     b - +0 hat
rElec  .         Reflect  .     (no cloak)
rCorr  .         Harm     .     (no gloves)
MR     .....                    (no boots)
Stlth  ++........               (no amulet)
                                (no ring)
                                (no ring)

@: no status effects
A: no food or potions, fire vulnerability, cold resistance 1, negative energy
resistance 3, torment resistance, unbreathing
a: no special abilities


You were on level 4 of the Dungeon.
You were not hungry.

You visited 1 branch of the dungeon, and saw 4 of its levels.
You also visited: Sewer.

You collected 97 gold pieces.

Inventory:

Hand Weapons
 d - a +0 spear (weapon)
Missiles
 f - 34 poisoned needles
Armour
 a - a +0 robe (worn)
 b - a +0 hat (worn)
Scrolls
 e - 2 scrolls of fear {unknown}
 g - a scroll of fog {unknown}
 h - a scroll of remove curse {unknown}
 i - a scroll of blinking {unknown}
 j - 2 scrolls of immolation {unknown}
 k - 2 scrolls of identify {unknown}
 l - 3 scrolls of teleportation {unknown}
Books
 c - a book of Minor Magic

   Spells                             Type                      Level
   a - Magic Dart                     Conjuration                  1
   b - Blink                          Translocation                2
   c - Call Imp                       Summoning                    2
   d - Repel Missiles                 Charms/Air                   2
   e - Slow                           Hexes                        2
   f - Conjure Flame                  Conjuration/Fire             3
   g - Mephitic Cloud                 Conjuration/Poison/Air       3


   Skills:
 - Level 1.7 Dodging
 - Level 1.7 Stealth
 - Level 4.0 Spellcasting
 - Level 1.2 Conjurations
 * Level 2.3 Summonings
   Level 0.7 Translocations


You had 8 spell levels left.
You knew the following spells:

 Your Spells              Type           Power        Failure   Level  Hunger
a - Magic Dart            Conj           #...         12%         1    N/A
b - Call Imp              Summ           ##......     12%         2    N/A

Dungeon Overview and Level Annotations

Branches:
Dungeon (4/15)
 Temple: D:4-7

Altars:

Annotations:
D:3 Sigmund


Innate Abilities, Weirdness & Mutations

You do not eat or drink.
Your flesh is vulnerable to fire.
You are immune to poison.
Your flesh is cold resistant. (rC+)
You are immune to negative energy. (rN+++)
You are immune to unholy pain and torment.
You can survive without breathing.


Message History

The puff of frost misses you.
The orc hits your crimson imp but does no damage.
Your crimson imp blinks!
The orc wizard points at you and mumbles some strange words.
The puff of frost hits you! You resist. The quokka barely misses you.
The orc wizard points at you and mumbles some strange words.
The puff of flame hits you! The fire burns you terribly!
The orc wizard gestures wildly while chanting.
You hit the orc wizard but do no damage.
The orc wizard hits you with a dagger. The quokka closely misses you.
The orc wizard hits you with a dagger.
You barely miss the orc wizard.
The orc wizard hits you but does no damage.
The quokka closely misses you.
You hit the orc wizard.
The orc wizard is moderately wounded.
The orc wizard misses you. The quokka barely misses you.
The orc wizard casts a spell at you. The puff of flame hits you!
The fire burns you terribly!
You die...

.##
#o.....##
#.......#
#.[.....#
##o.#?..##
##..###..#
##o.## ..#
##oo## .##
##oa##
#@r##
#..##
...##
...##
#.... ###.
#


You could see a worker ant, an orc wizard, 4 orcs and a quokka.

Vanquished Creatures
  2 oozes
  2 dart slugs (D:1)
  2 leopard geckos
  An orc (D:3)
  5 giant cockroaches
  10 goblins
  2 hobgoblins (D:2)
  3 kobolds
  A ball python (D:1)
  5 bats
  2 frilled lizards
  8 rats
43 creatures vanquished.

Vanquished Creatures (collateral kills)
  An adder (D:3)
  A river rat (D:3)
  A worm (Sewer)
  2 leopard geckos
  9 orcs (D:3)
  10 giant cockroaches (D:3)
  3 goblins
  2 hobgoblins
  4 jackals (Sewer)
  3 quokkas (D:3)
  4 ball pythons
  6 bats (Sewer)
  3 rats
49 creatures vanquished.

Grand Total: 92 creatures vanquished

Notes
Turn   | Place    | Note
-------+----------+-------------------------------------------
     0 | D:1      | ponk the Mummy Wizard began the quest for the Orb.
     0 | D:1      | Reached XP level 1. HP: 13/13 MP: 4/4
   797 | D:1      | Reached XP level 2. HP: 19/19 MP: 4/6
  1098 | D:1      | Reached skill level 1 in Conjurations
  1979 | D:2      | Reached XP level 3. HP: 24/24 MP: 6/8
  2998 | D:2      | Learned a level 2 spell: Call Imp
  3017 | D:2      | Reached skill level 4 in Spellcasting
  3696 | D:3      | Reached skill level 1 in Summonings
  3873 | D:3      | Found a glowing drain.
  3877 | Sewer    | Entered a sewer
  3882 | Sewer    | Reached XP level 4. HP: 27/30 MP: 2/10
  5014 | D:3      | Noticed Sigmund
  5610 | D:4      | Killed from afar by an orc wizard

Skill      XL: |  1  2  3  4 |
---------------+-------------+-----
Conjurations   | 1 |  1.2
Spellcasting   | 4 |  4.0
Summonings     | 1 2 |  2.3
Dodging        | |  1.7
Stealth        | |  1.7
Translocations | |  0.7

Action                   |  1- 3 |  4- 6 || total
-------------------------+-------+-------++-------
Melee: Spear             |    27 |    49 ||    76
 Cast: Magic Dart        |    77 |     1 ||    78
       Call Imp          |    21 |    54 ||    75
 Stab: Distracted        |       |     1 ||     1
Armor: Robe              |    10 |    14 ||    24
Dodge: Dodged            |    24 |    63 ||    87
